 Dungeon Crawl Stone Soup version 0.30.1-1-g62c8e00024 (webtiles) character file.

Game seed: 10193200372413376579

7 Gorgoleon the Grave Robber (level 2, -1/19 HPs)
             Began as a Human Necromancer on July 14, 2023.
             Slain by a gnoll
             ... wielding a +0 spear
              (2 damage)
             ... on level 1 of the Dungeon.
             The game lasted 00:02:17 (187 turns).

Gorgoleon the Grave Robber (Human Necromancer)       Turns: 187, Time: 00:02:18

Health: -1/19      AC:  2    Str:  8    XL:     2   Next: 5%
Magic:  0/5        EV: 12    Int: 15    God:
Gold:   0          SH:  0    Dex: 13    Spells: 4/5 levels left

rFire   . . .        e - +0 short sword
rCold   . . .        (no shield)
rNeg    . . .        a - +0 robe
rPois   .            (no helmet)
rElec   .            (no cloak)
rCorr   .            (no gloves)
SInv    .            (no boots)
Will    .....        (no amulet)
Stlth   ++           (no ring)
HPRegen 0.23/turn    (no ring)
MPRegen 0.09/turn

%: no passive effects
@: no status effects
A: no striking features
a: no special abilities


You were on level 1 of the Dungeon.
You visited 1 branch of the dungeon, and saw 1 of its levels.

Inventory:

Hand Weapons
 e - a +0 short sword (weapon)
Missiles
 c - 15 stones
Armour
 a - a +0 robe (worn)
Scrolls
 d - a scroll of silence {unknown}
Potions
 b - a potion of magic


   Skills:
 + Level 2.2 Dodging
 - Level 2.0 Stealth
 + Level 2.3 Spellcasting
 - Level 4.0 Necromancy


You had 4 spell levels left.
You knew the following spells:

 Your Spells              Type           Power      Damage    Failure   Level
a - Necrotise             Necr           52%        1d6       4%          1

Your spell library contained the following spells:

 Spells                   Type           Power      Damage    Failure   Level
 Vampiric Draining        Necr           13%        2d6       12%         3
 Animate Dead             Necr           13%        N/A       38%         4
 Agony                    Necr           13%        N/A       75%         5


Dungeon Overview and Level Annotations

Branches:
Dungeon (1/15)

Altars:


Message History

Press: ? - help, Shift-Dir - straight line, f - jackal
Aim: a jackal (chance to affect: 83%)
The jackal writhes in agony.
Casting: Necrotise (safe; 4% risk of failure)
Confirm with . or Enter, or press ? or * to list all spells.
Aiming: Necrotise (safe; 4% risk of failure)
Press: ? - help, Shift-Dir - straight line, f/p - jackal
Aim: a jackal (chance to affect: 83%)
The jackal writhes in agony.
You hit the jackal.
You kill the jackal!
You have reached level 2!
Unknown command.
Casting: Necrotise (safe; 4% risk of failure)
Confirm with . or Enter, or press ? or * to list all spells.
Aiming: Necrotise (safe; 4% risk of failure)
Press: ? - help, Shift-Dir - straight line, f - gnoll
Aim: a gnoll, wielding a +0 spear (chance to affect: 76%)
The gnoll barely resists.
The gnoll barely misses you. The gnoll hits you with a +0 spear!
You barely miss the gnoll. The gnoll hits you with a +0 spear.
You hit the gnoll.
The gnoll is moderately wounded.
The gnoll hits you with a +0 spear.
You hit the gnoll.
The gnoll is heavily wounded.
The gnoll barely misses you.
You barely miss the gnoll.
The gnoll is heavily wounded.
The gnoll hits you with a +0 spear.
* * * LOW HITPOINT WARNING * * *
The jackal barks! x2
You hit the gnoll but do no damage.
The gnoll is heavily wounded.
The gnoll hits you with a +0 spear.
* * * LOW HITPOINT WARNING * * *
You hit the gnoll.
The gnoll is severely wounded.
The gnoll hits you with a +0 spear.
You die...

.J...#. .#
.....#.###.#####
≈≈....h.........
~....#........#
.......$...#
.....####hh#
.##......K.#
##.####g## #@# #.#
.# ≈≈.#####.# #.#
.# #......###.##.#
#.#
#.#####......... ..
#.###.#### .# #)#
#.#####.#
#####.###>......#
#...............#.#
#.###.########..#.#


You could see a gnoll, 2 jackals and a kobold.

Vanquished Creatures
  2 endoplasms (D:1)
  A jackal (D:1)
  A kobold (D:1)
  A rat (D:1)
5 creatures vanquished.

Vanquished Creatures (collateral kills)
  A ball python (D:1)
1 creature vanquished.

Grand Total: 6 creatures vanquished

Notes
Turn   | Place    | Note
-------+----------+-------------------------------------------
     0 | D:1      | Gorgoleon the Human Necromancer began the quest for the
                  | Orb.
     0 | D:1      | Reached XP level 1. HP: 13/13 MP: 3/3
   180 | D:1      | Reached XP level 2. HP: 19/19 MP: 1/5
   187 | D:1      | Slain by a gnoll

Illustrated notes

Levels and vault maps discovered:
D:1:      dpeg_arrival_erosion, layout_loops_ring, serial_rivers,
          chequers_serial_rivers_micro_e, chequers_serial_rivers_small_b,
          chequers_serial_rivers_micro_c, chequers_serial_rivers_large_a,
          serial_shops, nicolae_shop_trees

Action                     || total
---------------------------++-------
  Melee: Short sword       ||     8
   Cast: Necrotise         ||     9
  Dodge: Dodged            ||     3
